[Event "Tata Steel-A 80th"]
[Site "Wijk aan Zee"]
[Date "2018.01.26"]
[Round "11"]
[White "Mamedyarov, Shakhriyar"]
[Black "Carlsen, Magnus"]
[Result "1/2-1/2"]
[ECO "E34"]
[WhiteElo "2804"]
[BlackElo "2834"]
[Annotator "Fernandez,Daniel Howard"]
[PlyCount "75"]
[EventDate "2018.01.13"]
[EventType "tourn"]
[EventRounds "13"]
[EventCountry "NED"]
[EventCategory "20"]
[SourceTitle "CBM 183"]
[Source "ChessBase"]
[SourceDate "2018.03.14"]
[SourceVersion "1"]
[SourceVersionDate "2018.03.14"]
[SourceQuality "1"]
[TimeControl "40/6000+30:20/3000+30:900+30"]

1. d4 Nf6 2. c4 e6 3. Nc3 Bb4 4. Qc2 d5 5. cxd5 (5. a3 Bxc3+ 6. Qxc3 {is another big main line, e.g.} O-O 7. Nf3 dxc4 8. Qxc4 b6 9. Bg5 $11 {, which was the path followed by Ivanchuk,V-Harikrishna,P Huaian 2017}) 5... Qxd5 6. e3 (6. Nf3 Qf5 $1 $11 {has now become famous, and after some wrangling it has become clear that only Black can actually have a positional edge in the endgame, despite his doubled f-pawns!}) 6... c5 7. Bd2 Bxc3 8. Bxc3 cxd4 9. Bxd4 Nc6 10. Bc3 (10. Bxf6 gxf6 11. Ne2 {is the initial computer recommendation, but this really isn't that good after say} Bd7 12. a3 Qa5+ 13. Nc3 Ne7 $11 {Dreev,A -Fedoseev,V Moscow 2014}) 10... O-O 11. Nf3 Rd8 {[%emt 0:18:24] Else d1 is slightly annoying.} 12. Be2 (12. Rd1 Qxd1+ 13. Qxd1 Rxd1+ 14. Kxd1 Ne4 15. Be1 e5 $11 {is another equal position, where White's bishop pair isn't yet active enough to give him any advantage.}) 12... Qe4 13. Rc1 Qxc2 14. Rxc2 Nd5 (14... Bd7 15. Nd4 Ne7 $11 {could be worth considering for the future; White's bishop pair is a lot less scary when there is an extra pair of knights on the board.}) ({RR} 14... Bd7 15. Ne5 Nxe5 16. Bxe5 Rac8 17. Rxc8 Rxc8 18. O-O Nd5 19. Rd1 f6 20. Bd4 Ba4 21. b3 Be8 22. Bc4 b5 23. Bxd5 exd5 24. Bxa7 Ra8 25. Bc5 Rxa2 26. h4 Bf7 27. e4 Ra8 28. exd5 Rd8 29. b4 {So,W (2754)-Carlsen,M (2875) Zagreb 2019 ½-½ (36)}) 15. Ne5 Bd7 {[%emt 0:03:44] This is the novelty!} (15... Nxe5 16. Bxe5 b6 17. a3 f6 18. Bg3 Bb7 19. O-O Rac8 20. Rfc1 e5 21. Rxc8 Rxc8 22. Rxc8+ Bxc8 23. Kf1 {Grachev,B-Karjakin,S Antalya 2017. This somehow led to one of the world's best defensive players being ground down; the problem is that White can keep trying things and never runs any risk at all.}) 16. Nxc6 Bxc6 17. Bd2 $146 ({RR} 17. Ba5 Re8 18. O-O e5 19. Rd1 h6 20. h3 Ba4 21. b3 Bc6 22. a4 Ne7 23. Bc4 Rac8 24. Rcd2 b6 25. Bb4 Nf5 26. Ba6 Ra8 27. Rc1 Re6 28. Rdc2 Bd5 29. Rc8+ Re8 30. Rxa8 Rxa8 31. Rc3 Nh4 {Ravlusevic,E (1703)-Butvilas,A (2052) Klaipeda 2019 0-1 (58)}) 17... Ne7 18. f3 Rac8 19. e4 (19. Ba5 $5 b6 20. Bb4 Nd5 21. Bd2 $14 {prevents Black from playing ... a6 and ...b5.}) 19... f6 20. Be3 a6 21. Kf2 (21. Bc4 $5 Kf7 22. Bb3 Bb5 23. Kf2 {and we can still talk about a White edge based on the bishop pair.}) 21... Bb5 $1 {[%emt 0:01:00] Black has equalised again.} 22. Rhc1 Rxc2 23. Rxc2 Bxe2 24. Kxe2 Nc6 $11 {[%emt 0:00:28] There is nothing really left to play for. Black can choose between an ...e5 based plan, and a rook-exchange based plan.} 25. b4 Rc8 26. Rc5 b5 27. f4 Kf7 28. a3 Ne7 29. Rxc8 Nxc8 30. Bc5 Ne7 31. Bxe7 Kxe7 32. Kf3 Kd6 33. Ke3 e5 34. f5 Ke7 35. g4 Kf7 36. h4 Kg8 37. Kf3 h6 38. h5 1/2-1/2